 Dungeon Crawl Stone Soup version 0.19.4-10-g532645f (webtiles) character file.

490 Magnus the Insei (level 6, 0/46 HPs)
             Began as a Demigod Transmuter on Feb 25, 2017.
             Killed from afar by an orc wizard (8 damage)
             ... with a puff of frost
             ... on level 3 of the Dungeon.
             The game lasted 00:07:21 (3968 turns).

Magnus the Insei (Demigod Transmuter)               Turns: 3968, Time: 00:07:21

Health: 0/46       AC:  5    Str: 13    XL:     6   Next: 59%
Magic:  11/11      EV: 11    Int: 17    God:
Gold:   206        SH:  0    Dex: 20    Spells: 1 memorised, 7 levels left

rFire  . . .     SeeInvis .       - Unarmed
rCold  . . .     Gourm    .     e - +0 ring mail
rNeg   . . .     Faith    .     (no shield)
rPois  .         Spirit   .     (no helmet)
rElec  .         Reflect  .     (no cloak)
rCorr  .         Harm     .     (no gloves)
MR     .....                    (no boots)
Stlth  +.........               (no amulet)
                                (no ring)
                                (no ring)

@: lethally poisoned (0 -> -1)
A: high mp 1
a: no special abilities


You were on level 3 of the Dungeon.
You were not hungry.

You visited 1 branch of the dungeon, and saw 4 of its levels.

You collected 206 gold pieces.

Inventory:

Missiles
 a - 12 arrows
 u - a throwing net (quivered)
Armour
 b - a +0 robe
 e - a +0 ring mail (worn)
Wands
 h - a wand of flame (8/48)
Scrolls
 f - 2 scrolls of noise {unknown}
 i - 3 scrolls of identify {unknown}
 l - a scroll of remove curse {unknown}
 m - a scroll of recharging {unknown}
 r - 3 scrolls of blinking {unknown}
 t - a scroll of amnesia {unknown}
Potions
 j - a potion of flight {unknown}
 k - 3 potions of curing
 n - a potion of degeneration {unknown}
 s - a potion of mutation {unknown}
Books
 c - a book of Changes

   Spells                             Type                      Level
   a - Beastly Appendage              Transmutation                1
   b - Sticks to Snakes               Transmutation                2
   c - Spider Form                    Transmutation/Poison         3
   d - Ice Form                       Ice/Transmutation            4
   e - Blade Hands                    Transmutation                5
Comestibles
 d - 3 bread rations
 g - 2 meat rations
 o - a royal jelly
 p - a beef jerky
 q - a slice of pizza


   Skills:
 - Level 0.8 Fighting
 - Level 1.7 Dodging
 + Level 6.8 Unarmed Combat
 - Level 1.7 Spellcasting
 + Level 2.9 Transmutations


You had 7 spell levels left.
You knew the following spells:

 Your Spells              Type           Power        Failure   Level  Hunger
a - Beastly Appendage     Tmut           ##....       17%         1    #......


Dungeon Overview and Level Annotations

Branches:
Dungeon (4/15)             Temple (0/1) D:4

Annotations:
D:4 Dowan


Innate Abilities, Weirdness & Mutations

You have an increased reservoir of magic. (+10% MP)


Message History

You hit the orc wizard.
You kill the orc wizard!
The orc wizard points at you and mumbles some strange words.
The puff of flame hits you!
* * * LOW HITPOINT WARNING * * *
You feel sick. The orc wizard completely misses you.
You see here a whip.
There is a stone staircase leading up here.
The orc wizard misses you.
The orc wizard hits you but does no damage.
You climb upwards.
You feel sick.
There is a stone staircase leading down here.
You punch the orc wizard!
The orc wizard is heavily wounded.
The orc wizard barely misses you.
You hit the orc wizard. Your punch misses the orc wizard.
The orc wizard is heavily wounded.
The orc wizard points at you and mumbles some strange words.
The puff of frost hits you!
You die...

### #######.## ..#....#.##
#.#._.###.############ #.#...#
##....)o@....#
#.#...###.##########.# ##########
#.#.##.#.## #.# #.........
#.#.###.## #.# #.######## #.#.#
### ####.###.######## #.#.#
#................ ....########
#.###.....[....##
...........######......#.#####.##
.†....................##.# #...


You could see an orc wizard.

Vanquished Creatures
  The ghost of MirrMurr the Sneak, an amateur SpEn of Dithmenos (D:3)
  A scorpion (D:4)
  A gnoll shaman (D:4)
  A hound (D:3)
  Jessica (D:2)
  A worker ant (D:4)
  3 orc wizards
  Ijyb (D:2)
  3 adders
  3 gnolls
  An ooze (D:1)
  A worm (D:3)
  A dart slug (D:2)
  3 orcs (D:3)
  A giant cockroach (D:1)
  7 hobgoblins
  11 jackals
  A quokka (D:3)
  2 ball pythons (D:1)
  7 bats
  A frilled lizard (D:2)
  10 goblins
  8 kobolds
  9 rats
79 creatures vanquished.

Notes
Turn   | Place    | Note
-------+----------+-------------------------------------------
     0 | D:1      | Magnus the Demigod Transmuter began the quest for the Orb.
     0 | D:1      | Reached XP level 1. HP: 15/15 MP: 5/5
   128 | D:1      | Reached skill level 3 in Unarmed Combat
   195 | D:1      | Reached XP level 2. HP: 22/22 MP: 7/7
   838 | D:1      | Reached XP level 3. HP: 27/27 MP: 8/8
   897 | D:1      | Reached skill level 4 in Unarmed Combat
  1112 | D:2      | Noticed Jessica
  1147 | D:2      | Killed Jessica
  1398 | D:2      | Reached XP level 4. HP: 17/34 MP: 9/9
  1632 | D:2      | Found a blossoming altar of Fedhas.
  1656 | D:2      | Noticed Ijyb
  1702 | D:2      | Killed Ijyb
  1842 | D:2      | Found a stormy altar of Qazlal.
  1888 | D:2      | Reached skill level 5 in Unarmed Combat
  2300 | D:3      | Found a sacrificial altar of Ru.
  2306 | D:3      | Noticed MirrMurr's ghost (amateur SpEn)
  2342 | D:3      | Killed MirrMurr's ghost
  2342 | D:3      | Reached XP level 5. HP: 9/39 MP: 10/10
  2344 | D:3      | Reached skill level 6 in Unarmed Combat
  3118 | D:3      | Found a snail-covered altar of Cheibriados.
  3364 | D:3      | Reached XP level 6. HP: 45/46 MP: 11/11
  3849 | D:4      | Found a staircase to the Ecumenical Temple.
  3899 | D:4      | Noticed Dowan
  3968 | D:3      | Killed from afar by an orc wizard

Skill      XL: |  1  2  3  4  5 |
---------------+----------------+-----
Unarmed Combat | 3 4 5 6 |  6.8
Transmutations | 2 |  2.9
Fighting       | |  0.8
Dodging        | |  1.7
Spellcasting   | |  1.7

Action                   |  1- 3 |  4- 6 || total
-------------------------+-------+-------++-------
Melee: Unarmed           |   131 |   232 ||   363
       Punch             |     6 |     6 ||    12
  Use: Potion            |     1 |       ||     1
 Stab: Distracted        |     1 |       ||     1
  Eat: Chunk             |     2 |     8 ||    10
Armor: Robe              |    10 |       ||    10
       Ring mail         |    26 |    64 ||    90
Dodge: Dodged            |    89 |   103 ||   192
